 Dungeon Crawl Stone Soup version 0.28.0-53-g5a82cb258f (webtiles) character file.

Game seed: 9143830380257374214

2690 MalarOregon the Cudgeller (level 9, -2/72 HPs)
             Began as a Palentonga Warper on June 16, 2022.
             Was a Believer of the Shining One.
             Slain by a wyvern (5 damage)
             ... on level 7 of the Dungeon.
             The game lasted 00:21:25 (9789 turns).

MalarOregon the Cudgeller (Palentonga Warper)       Turns: 9789, Time: 00:21:25

Health: -2/72      AC: 13    Str: 19    XL:     9   Next: 38%
Magic:  0/16       EV: 10    Int: 13    God:    the Shining One [**....]
Gold:   182        SH:  0    Dex: 10    Spells: 6/17 levels left

rFire   + + .      SeeInvis +   i - +0 mace (vorpal)
rCold   + . .      Faith    .   (no shield)
rNeg    + . .      Spirit   +   b - +0 leather armour
rPois   +          Reflect  .   g - +0 helmet
rElec   +          Harm     .   (no cloak)
rCorr   +          Rampage  .   (no gloves)
Will    .....                   (no barding)
Stlth   +.........              l - amulet of guardian spirit
HPRegen 0.22/turn               o - ring of wizardry
MPRegen 0.15/turn               c - ring of poison resistance

@: about to teleport, resistant, glowing, curled up
A: large, rugged brown scales 3, see invisible, deformed body, roll 2, armoured
tail, reflexive curl, deterioration 1, fire resistance 1
a: Rolling Charge, Renounce Religion, Divine Shield


You were on level 7 of the Dungeon.
You worshipped the Shining One.
The Shining One was pleased with you.
You visited 2 branches of the dungeon, and saw 8 of its levels.

You collected 308 gold pieces.
You spent 126 gold pieces at shops.


Innate Abilities, Weirdness & Mutations

You are completely covered in rugged brown scales. (AC +3, +7% HP)
You have supernaturally acute eyesight. (SInv)
Armour fits poorly on your strangely shaped body.
You can roll at foes to attack.
You have a long armoured tail.
You curl defensively after being hit. (AC +7*)
Your body sometimes deteriorates upon taking damage.
Your flesh is heat resistant. (rF+)


   Skills:
 + Level 5.1 Fighting
 * Level 7.2 Maces & Flails
 - Level 0.6 Throwing
 + Level 3.9 Armour
 + Level 4.2 Dodging
 + Level 4.8 Spellcasting
 - Level 4.0 Translocations
 + Level 3.2 Poison Magic


You had 6 spell levels left.
You knew the following spells:

 Your Spells              Type           Power      Damage    Failure   Level
a - Teleport Other        Tloc           13%        N/A       5%          3
b - Blink                 Tloc           26%        N/A       2%          2
c - Ignite Poison         Fire/Tmut/Pois 5%         N/A       16%         3
f - Mephitic Cloud        Conj/Pois/Air  5%         N/A       16%         3

Your spell library contained the following spells:

 Spells                   Type           Power      Damage    Failure   Level
 Gell's Gravitas          Tloc           13%        N/A       5%          3
 Lesser Beckoning         Tloc           13%        N/A       5%          3
 Animate Skeleton         Necr           6%         N/A       9%          1
 Beastly Appendage        Tmut           6%         N/A       9%          1
 Pain                     Necr           12%        1d4       9%          1
 Wereblood                Tmut           3%         N/A       13%         2
 Spider Form              Tmut/Pois      7%         N/A       14%         3
 Confusing Touch          Hex            3%         N/A       26%         3
 Dazzling Flash           Conj/Hex       6%         N/A       26%         3
 Frozen Ramparts          Ice            6%         1d2       26%         3
 Vampiric Draining        Necr           3%         2d6       26%         3
 Iskenderun's Mystic Bla  Conj/Tloc      8%         2d4       34%         4
 Manifold Assault         Tloc           13%        N/A       41%         5
 Airstrike                Air            1%         N/A       61%         4
 Dispel Undead            Necr           3%         3d7       61%         4
 Ice Form                 Ice/Tmut       3%         N/A       61%         4
 Summon Ice Beast         Ice/Summ       3%         N/A       61%         4
 Summon Lightning Spire   Summ/Air       3%         N/A       61%         4
 Freezing Cloud           Conj/Ice/Air   1%         6-21      91%         5
 Lightning Bolt           Conj/Air       1%         1d12      91%         5
 Yara's Violent Unravell  Hex/Tmut       1%         3d3       91%         5
 Starburst                Conj/Fire      1%         6d3       100%        6
 Enfeeble                 Hex            1%         N/A       100%        7
 Discord                  Hex            1%         N/A       100%        8

Inventory:

Hand Weapons
 i - a +0 vorpal mace (weapon)
   (You found it on level 6 of the Dungeon)
 n - a +4 flail
   (You took it off a wight on level 6 of the Dungeon)
Missiles
 d - 5 boomerangs of dispersal {!f}
 f - 3 boomerangs (quivered)
Armour
 b - a +0 leather armour (worn)
 g - a +0 helmet (worn)
   (You found it on level 2 of the Dungeon)
Jewellery
 c - a ring of poison resistance (right hand)
   (You found it on level 5 of the Dungeon)
 l - an amulet of guardian spirit (around neck)
   (You found it on level 2 of the Dungeon)
 o - a ring of wizardry (left hand)
   (You found it on level 3 of the Dungeon)
Scrolls
 a - 2 scrolls of noise {!r}
 j - a scroll of fog
 k - a scroll of enchant armour
 m - a scroll of teleportation {@r4}
 p - a scroll of silence
 q - a scroll of identify {@r1}

Dungeon Overview and Level Annotations

Branches:
Dungeon (7/15)             Temple (1/1) D:5

Altars:
The Shining One

Shops:
D:4 ?   D:7 !

Annotations:
D:7 1 runed translucent door, Crazy Yiuf

...# ...#
###+#...#
#.......#
#.......#####
#...........#
#.c.....# #.#
#.@.....# #.#
#°l..######.# #.
#°...# #....#.# #.
#....# #....#.# #.
#....###....#.#
.#.
###.......#.#.##.#
#.#####.#.#.##.#
#.# #.#.#.##.# .
..#.#.##.#


You could see a wyvern and a centaur.


Message History

A centaur zombie comes into view.
A centaur zombie is nearby!
There is an open door here.
Roll where?
Press: ? - help, Dir - move target, f - centaur zombie
Aim: a centaur zombie (haloed)
You roll forward with a clatter of scales!
You hit the centaur zombie.
The centaur zombie barely misses you. x2
You hit the centaur zombie but do no damage.
The centaur zombie closely misses you. The centaur zombie kicks you.
You hit the centaur zombie. You punch the centaur zombie.
The centaur zombie misses you.
The centaur zombie kicks you but does no damage.
The centaur zombie hits you.
The centaur zombie kicks you but does no damage.
You hit the centaur zombie.
The centaur zombie hits you but does no damage.
The centaur zombie kicks you but does no damage.
You sock the centaur zombie!
The centaur zombie hits you but does no damage.
The centaur zombie barely misses you. x2
The centaur zombie kicks you but does no damage.
You sock the centaur zombie! The centaur zombie closely misses you.
The centaur zombie misses you.
You sock the centaur zombie!
You destroy the centaur zombie!
The Shining One accepts your kill.
You feel better.
No target in view!
There is an open door here.
Found a smoky sapphire potion.
e - a smoky sapphire potion A wyvern comes into view.
The wyvern hisses angrily.
Roll where?
Press: ? - help, Dir - move target, f - wyvern
Aim: a wyvern (haloed)
You roll forward with a clatter of scales!
You hit the wyvern but do no damage.
You tail-slap the wyvern, but do no damage.
You hear a shout!
The wyvern bites you but does no damage.
The wyvern closely misses you.
You completely miss the wyvern. The wyvern bites you!
You hit the wyvern but do no damage. The wyvern closely misses you.
The wyvern misses you.
You hit the wyvern. The wyvern misses you.
You hit the wyvern but do no damage. The wyvern bites you!
The wyvern closely misses you.
You barely miss the wyvern. The wyvern bites you.
You hit the wyvern.
You tail-slap the wyvern, but do no damage.
The wyvern bites you. x2
You completely miss the wyvern. The wyvern bites you!
You hit the wyvern.
The wyvern bites you but does no damage.
The wyvern bites you!
* * * LOW HITPOINT WARNING * * *
You hit the wyvern but do no damage. The wyvern barely misses you.
You hit the wyvern.
Your tail-slap misses the wyvern.
The wyvern bites you.
* * * LOW HITPOINT WARNING * * *
The wyvern bites you.
* * * LOW HITPOINT WARNING * * *
You hit the wyvern.
You tail-slap the wyvern, but do no damage.
The wyvern bites you!
* * * LOW HITPOINT WARNING * * *
The wyvern bites you but does no damage.
You feel better. The wyvern barely misses you.
You aren't carrying any items that you can evoke.
Unknown command.
As you read the scroll of teleportation {@r4}, it crumbles to dust.
You feel strangely unstable. The wyvern bites you.
* * * LOW HITPOINT WARNING * * *
The wyvern bites you.
* * * LOW HITPOINT WARNING * * *
The wyvern bites you.
* * * LOW HITPOINT WARNING * * *
Your surroundings suddenly seem different.
A centaur comes into view.
Roll where?
Press: ? - help, Dir - move target, f - centaur, p - wyvern
Aim: a centaur, quivering arrows You roll forward with a clatter of scales!
You hit the centaur but do no damage. The centaur hits you.
* * * LOW HITPOINT WARNING * * *
The centaur kicks you but does no damage.
The centaur hits you but does no damage.
The centaur closely misses you.
Okay, then.
It was a potion of resistance.
You feel protected. The centaur barely misses you. x2
As you read the scroll of teleportation {@r4}, it crumbles to dust.
You feel strangely unstable.
The centaur hits you but does no damage.
The centaur kicks you but does no damage.
The wyvern bites you.
You die...

Skill      XL: |  1  2  3  4  5  6  7  8  9 |
---------------+----------------------------+-----
Armour         | 1 2 3 |  3.9
Maces & Flails | 3 4 5 6 7 |  7.2
Dodging        | 2 3 4 |  4.2
Fighting       | 3 4 5 |  5.1
Spellcasting   | 3 4 |  4.8
Translocations | 4 |  4.0
Poison Magic   | 1 2 3 |  3.2
Throwing       | |  0.6

Action                   |  1- 3 |  4- 6 |  7- 9 || total
-------------------------+-------+-------+-------++-------
Melee: Mace              |   146 |   106 |   135 ||   387
       Tailslap          |    20 |    15 |    36 ||    71
       Punch             |     1 |     2 |     8 ||    11
       Lajatang          |       |    32 |    45 ||    77
       War axe           |       |       |    65 ||    65
Throw: Boomerang         |       |       |    11 ||    11
 Abil: Rolling Charge    |    28 |    14 |    18 ||    60
  Use: Potion            |       |     5 |     3 ||     8
       Scroll            |       |     6 |     7 ||    13
Armor: Leather armour    |    58 |    67 |    66 ||   191
Dodge: Dodged            |    72 |    65 |   145 ||   282

Levels and vault maps discovered:
D:1:      matt_arrival_los_fun, layout_basic, hangedman_decor_diamond_cutter
D:2:      layout_loops_ring, amethyst_killhole
D:3:      layout_basic, minmay_misc_feat_diagonals, grunt_ministairs_10,
          corexii_item_surrounded_by_moat
D:4:      layout_rooms, kennysheep_small_square
D:5:      layout_loops_ring, minmay_temple_entry_statues,
          guppyfry_early_lair_pool
D:6:      layout_basic, uniq_grinder, uniq_duvessa, uniq_menkaure,
          uniq_blork_the_orc
D:7:      layout_basic, serial_shops, nicolae_diamond_shop,
          nicolae_shop_behind_doors, kennysheep_mini_moat,
          nicolae_lava_and_water, uniq_crazy_yiuf_cottage
Temple:   mainiacjoe_temple_cubbyholes

Notes
Turn   | Place    | Note
-------+----------+-------------------------------------------
     0 | D:1      | MalarOregon the Palentonga Warper began the quest for the
                  | Orb.
     0 | D:1      | Reached XP level 1. HP: 17/17 MP: 3/3
   200 | D:1      | Reached XP level 2. HP: 9/23 MP: 5/5
   794 | D:1      | Reached skill level 1 in Armour
   844 | D:1      | Reached XP level 3. HP: 21/28 MP: 6/6
   930 | D:1      | HP: 7/28 [goblin/+0 club (3)]
   932 | D:1      | HP: 2/28 [goblin/+0 club (3)]
   957 | D:1      | HP: 1/28 [goblin/+0 club (3)]
  1849 | D:2      | Learned a level 2 spell: Blink
  1853 | D:2      | Learned a level 3 spell: Gell's Gravitas
  2455 | D:3      | Reached skill level 3 in Maces & Flails
  2576 | D:3      | Reached XP level 4. HP: 35/35 MP: 7/7
  2832 | D:3      | Reached skill level 2 in Dodging
  3003 | D:3      | You add the spells Animate Skeleton, Confusing Touch,
                  | Dispel Undead and Discord to your library.
  3003 | D:3      | Got Sif Muna's Tome of Entrancing Necromancy
  3147 | D:3      | You pick up a book of Rime and begin reading...
  3147 | D:3      | You add the spells Frozen Ramparts, Ice Form and Summon Ice
                  | Beast to your library.
  3155 | D:3      | You pick up a book of Spectacle and begin reading...
  3155 | D:3      | You add the spells Dazzling Flash, Iskenderun's Mystic
                  | Blast and Starburst to your library.
  3317 | D:3      | You pick up a book of Storms and begin reading...
  3317 | D:3      | You add the spells Airstrike, Summon Lightning Spire and
                  | Lightning Bolt to your library.
  3748 | D:3      | Gained mutation: You can roll at foes to attack. [potion of
                  | mutation]
  3748 | D:3      | Gained mutation: Your flesh is heat resistant. (rF+)
                  | [potion of mutation]
  3748 | D:3      | Gained mutation: Your body sometimes deteriorates upon
                  | taking damage. [potion of mutation]
  3764 | D:4      | Noticed a scorpion
  3874 | D:4      | Killed a scorpion
  3875 | D:4      | Reached XP level 5. HP: 41/41 MP: 8/8
  4228 | D:4      | Noticed a necrophage
  4235 | D:4      | Killed a necrophage
  4236 | D:4      | Reached XP level 6. HP: 46/49 MP: 7/10
  4326 | D:4      | You add the spells Ignite Poison, Mephitic Cloud and
                  | Freezing Cloud to your library.
  4331 | D:4      | Learned a level 3 spell: Mephitic Cloud
  4547 | D:4      | Reached skill level 2 in Armour
  4582 | D:4      | Found Ituonow's Magic Scroll Shop.
  4595 | D:4      | Bought a scroll of identify for 22 gold pieces
  4595 | D:4      | Bought a scroll of identify for 22 gold pieces
  4595 | D:4      | Bought a scroll of identify for 22 gold pieces
  4595 | D:4      | Bought a scroll of noise for 11 gold pieces
  4595 | D:4      | Bought a scroll of noise for 11 gold pieces
  4595 | D:4      | Bought a scroll of amnesia for 38 gold pieces
  4651 | D:4      | You pick up a book of Necromancy and begin reading...
  4651 | D:4      | You add the spells Pain and Vampiric Draining to your
                  | library.
  4657 | D:4      | You pick up a book of Misfortune and begin reading...
  4657 | D:4      | You add the spells Yara's Violent Unravelling and Enfeeble
                  | to your library.
  4750 | D:4      | Reached skill level 3 in Fighting
  4750 | D:4      | Reached skill level 4 in Maces & Flails
  4750 | D:4      | Reached skill level 3 in Spellcasting
  4750 | D:4      | Reached skill level 4 in Translocations
  4821 | D:4      | Learned a level 3 spell: Teleport Other
  4825 | D:4      | Learned a level 3 spell: Ignite Poison
  4900 | D:5      | Entered Level 5 of the Dungeon
  4950 | D:5      | Found a staircase to the Ecumenical Temple.
  5007 | D:5      | HP: 4/50 [ogre/+0 giant spiked club (25)]
  5016 | D:5      | Gained mutation: You curl defensively after being hit. (AC
                  | +7*) [Palentonga growth]
  5016 | D:5      | Reached XP level 7. HP: 5/55 MP: 3/11
  5290 | Temple   | Entered the Ecumenical Temple
  5325 | Temple   | Became a worshipper of the Shining One
  5717 | D:5      | Reached skill level 1 in Poison Magic
  5807 | D:5      | Reached skill level 3 in Dodging
  5930 | D:5      | Identified the +8 longbow of Sisasch {vorpal, rPois}
  5952 | D:5      | Reached skill level 5 in Maces & Flails
  6308 | D:6      | Noticed Blork the orc
  6322 | D:6      | HP: 13/56 [Blork the orc/+0 hand axe (6)]
  6323 | D:6      | Killed Blork the orc
  6592 | D:6      | Reached XP level 8. HP: 58/64 MP: 10/13
  6765 | D:6      | Reached * piety under the Shining One
  6937 | D:6      | Noticed Dowan
  6939 | D:6      | Noticed Duvessa
  6957 | D:6      | HP: 12/64 [Duvessa/+0 short sword (5)]
  6961 | D:6      | HP: 5/64 [Duvessa/+0 short sword (2)]
  6963 | D:6      | Killed Duvessa
  6964 | D:6      | Reached skill level 4 in Fighting
  6964 | D:6      | Reached skill level 3 in Armour
  6965 | D:6      | Killed Dowan
  6966 | D:6      | Reached skill level 2 in Poison Magic
  7011 | D:6      | Noticed Grinder
  7293 | D:6      | Reached skill level 4 in Spellcasting
  7414 | D:6      | Reached skill level 6 in Maces & Flails
  8214 | D:6      | Noticed Menkaure
  8222 | D:6      | Killed Menkaure
  8560 | D:6      | You pick up a book of Changes and begin reading...
  8560 | D:6      | You add the spells Beastly Appendage, Wereblood and Spider
                  | Form to your library.
  8635 | D:6      | Reached XP level 9. HP: 39/70 MP: 9/15
  8823 | D:6      | Reached skill level 4 in Dodging
  8877 | D:6      | Paralysed by Grinder for 7 turns
  8891 | D:6      | Killed Grinder
  9222 | D:7      | Reached skill level 3 in Poison Magic
  9343 | D:7      | Found a runed translucent door.
  9344 | D:7      | Noticed Crazy Yiuf
  9381 | D:7      | Found Yjounlya's Distillery.
  9381 | D:7      | Reached ** piety under the Shining One
  9385 | D:7      | Reached skill level 7 in Maces & Flails
  9400 | D:7      | Reached skill level 5 in Fighting
  9780 | D:7      | HP: 18/72 [wyvern (4)]
  9785 | D:7      | HP: 5/72 [wyvern (5)]
  9789 | D:7      | Slain by a wyvern

Vanquished Creatures
  Grinder (D:6)
  A wyvern (D:7)
  A steam dragon (D:6)
  Menkaure (D:6)
  Duvessa (D:6)
  2 necrophages
  A centaur (D:7)
  3 ogres
  Blork the orc (D:6)
  A wyvern zombie (D:6)
  A scorpion (D:4)
  A water moccasin zombie (D:5)
  Dowan (D:6)
  A wyvern skeleton (D:5)
  A water moccasin skeleton (D:4)
  12 wights
  A centaur zombie (D:7)
  2 bullfrog zombies (D:5)
  A hound (D:6)
  2 bullfrog skeletons (D:6)
  A centaur skeleton (D:4)
  2 orc priests (D:6)
  An iguana (D:5)
  An orc wizard (D:7)
  5 adders
  A white imp (D:5)
  3 worms
  11 orcs
  12 ball pythons
  7 endoplasms
  4 giant cockroaches
  5 goblins
  4 hobgoblins
  10 kobolds
  7 quokkas
  7 bats
  2 frilled lizards (D:3)
  6 rats
125 creatures vanquished.

Vanquished Creatures (collateral kills)
  An ogre (D:5)
  A centaur skeleton (D:5)
2 creatures vanquished.

Vanquished Creatures (others)
  A plant (D:5)
1 creature vanquished.

Grand Total: 128 creatures vanquished

Table legend:
 A = Non-vault XP
 B = Vault XP
 C = Vault XP percentage of total XP
 D = Non-vault monster count
 E = Vault monster count
 F = Vault count percentage of total count
                 A         B        C        D         E       F
            +---------+---------+-------+---------+---------+-------
      Total |    3044 |     800 |  20.8 |     116 |      11 |   8.7
            +---------+---------+-------+---------+---------+-------
        D:1 |      53 |       0 |   0.0 |      30 |       0 |   0.0
        D:2 |      30 |       1 |   3.2 |      12 |       1 |   7.7
        D:3 |      48 |       1 |   2.0 |      18 |       1 |   5.3
        D:4 |     446 |       2 |   0.4 |      14 |       2 |  12.5
        D:5 |     713 |      26 |   3.5 |      13 |       2 |  13.3
        D:6 |    1153 |     770 |  40.0 |      20 |       5 |  20.0
        D:7 |     601 |       0 |   0.0 |       9 |       0 |   0.0
            +---------+---------+-------+---------+---------+-------

Illustrated notes

Table legend:
 A = Kills in this place as a percentage of kills in entire the game.
 B = Kills by you in this place as a percentage of kills by you in the entire game.
 C = Kills by friends in this place as a percentage of kills by friends in the entire game.
 D = Other kills in this place as a percentage of other kills in the entire game.
 E = Experience gained in this place as a percentage of experience gained in the entire game.
 F = Experience gained in this place divided by the number of levels of this place that you have seen.
                   A       B       C       D       E      F
               +-------+-------+-------+-------+-------+----------------------
         Total | 100.0 | 100.0 | 100.0 |   N/A | 100.0 | 480.5
       Dungeon | 100.0 | 100.0 | 100.0 |   N/A | 100.0 | 549.1
               +-------+-------+-------+-------+-------+----------------------

Table legend: (Time is in decaauts)
 A = Elapsed time spent in this place.
 B = Non-inter-level travel time spent in this place.
 C = Inter-level travel time spent in this place.
 D = Time resting spent in this place.
 E = Time spent auto-exploring this place.
 F = Levels seen in this place.
 G = Mean time per level.
                   A        B        C        D        E       F      G
               +--------+--------+--------+--------+--------+-----+--------+
         Total |   9933 |   9550 |    383 |   2789 |   5232 |   8 | 1241.6 |
       Dungeon |   9867 |   9514 |    353 |   2789 |   5204 |   7 | 1409.6 |
        Temple |     66 |     36 |     30 |      0 |     28 |   1 |   66.0 |
               +--------+--------+--------+--------+--------+-----+--------+

Top non-repeatable levels by time:
     D:6: 3005 daAuts
     D:3: 1626 daAuts
     D:1: 1552 daAuts
     D:5: 1377 daAuts
     D:4: 940 daAuts
     D:2: 874 daAuts
     D:7: 490 daAuts
  Temple: 66 daAuts
